 Dungeon Crawl Stone Soup version 0.29-a0-613-gf2c431b9b9 (webtiles) character file.

Game seed: 11621722717649273987

5194 moldycheese5 the Covered (level 10, -4/77 HPs)
             Began as a Demonspawn Abyssal Knight on June 16, 2022.
             Was an Elder of Lugonu.
             Killed from afar by an electric eel (11 damage)
             ... with a bolt of electricity
             ... on level 8 of the Dungeon.
             The game lasted 00:20:14 (10724 turns).

moldycheese5 the Covered (DsAK)                    Turns: 10724, Time: 00:20:17

Health: -4/77      AC: 14    Str: 17    XL:     10   Next: 34%
Magic:  12/12      EV: 20    Int: 12    God:    Lugonu [****..]
Gold:   587        SH: 13    Dex: 22    Spells: 9/9 levels left

rFire   . . .      SeeInvis .   s - +4 short sword (drain)
rCold   . . .      Faith    .   d - +2 kite shield
rNeg    . . .      Spirit   .   H - +0 plate armour
rPois   +          Reflect  .   j - +1 hat
rElec   .          Harm     .   (no cloak)
rCorr   .          Rampage  .   (no gloves)
Will    .....                   (no boots)
Stlth   ..........              B - amulet of the acrobat
HPRegen 0.22/turn               v - ring of poison resistance
MPRegen 0.13/turn               I - +6 ring of dexterity

@: acrobatic, studying Invocations, very slow
A: thin skeletal structure 1, demonic guardian 2, demonic touch 2
a: Renounce Religion, Depart the Abyss, Bend Space, Banish, Corrupt


You were on level 8 of the Dungeon.
You worshipped Lugonu.
Lugonu was greatly pleased with you.
You visited 2 branches of the dungeon, and saw 9 of its levels.
You visited the Abyss 1 time.
You also visited: Sewer.

You collected 613 gold pieces.
You spent 26 gold pieces at shops.

Inventory:

Hand Weapons
 a - a +1 falchion
 s - a +4 short sword of draining (weapon)
Missiles
 D - 4 throwing nets
Armour
 b - a +0 leather armour
 d - a +2 kite shield (worn)
 f - a +0 chain mail
 j - a +1 hat (worn)
 H - a +0 plate armour (worn)
Jewellery
 v - a ring of poison resistance (left hand)
 x - a ring of see invisible
 B - an amulet of the acrobat (around neck)
 I - a +6 ring of dexterity (right hand)
Wands
 e - a wand of charming (5)
 y - a wand of digging (3)
 C - a wand of quicksilver (7)
 K - a wand of flame (19)
Scrolls
 c - 2 scrolls of fog
 g - 2 scrolls of vulnerability {unknown}
 h - 2 scrolls of summoning {unknown}
 m - 2 scrolls of immolation
 r - 2 scrolls of teleportation {unknown}
 w - a scroll of enchant armour {unknown}
 E - 2 scrolls of silence {unknown}
 F - a scroll of magic mapping {unknown}
 G - a scroll of acquirement {unknown}
 J - a scroll of amnesia {unknown}
 M - a scroll of identify
 N - a scroll of fear {unknown}
 O - a scroll of poison {unknown}
Potions
 i - 2 potions of resistance {unknown}
 k - a potion of lignification
 l - 2 potions of invisibility {unknown}
 n - a potion of cancellation {unknown}
 o - 2 potions of heal wounds {unknown}
 p - a potion of haste {unknown}
 q - a potion of might {unknown}
 t - 5 potions of curing
 u - a potion of degeneration {unknown}
 z - a potion of attraction {unknown}
 A - a potion of mutation {unknown}
 L - a potion of flight {unknown}


   Skills:
 + Level 6.8 Fighting
 + Level 7.2(8.0) Short Blades
 + Level 5.2(7.0) Long Blades
 + Level 7.7 Armour
 + Level 2.2 Dodging
 + Level 1.5 Stealth
 + Level 4.5 Shields
 + Level 2.8 Invocations


You had 9 spell levels left.
You didn't know any spells.
Your spell library contained the following spells:

 Spells                   Type           Power      Damage    Failure   Level
 Ensorcelled Hibernation  Hex/Ice        0%         N/A       100%        2
 Teleport Other           Tloc           0%         N/A       100%        3
 Disjunction              Tloc           0%         N/A       100%        8


Dungeon Overview and Level Annotations

Branches:
Dungeon (8/15)             Temple (1/1) D:7           Sewer (visited)
   Lair: D:8-11

Altars:
Ashenzari
Cheibriados
Dithmenos
Elyvilon
Gozag
Hepliaklqana
Kikubaaqudgha
Makhleb
Nemelex Xobeh
Okawaru
Qazlal
Ru
Sif Muna
Trog
Uskayaw
Vehumet
Wu Jian
Xom
Yredelemnul
Zin
The Shining One

Shops:
D:1 ?

Annotations:
D:4 corrupted


Innate Abilities, Weirdness & Mutations

You have a somewhat thin skeletal structure. (Dex +2, Stealth+)
A demonic guardian rushes to your aid.
Your touch may inflict irresistible damage on your foes.


Message History

The electric eel shoots out a bolt of lightning at you!
The bolt of electricity hits you. The bolt of electricity misses you.
You barely miss the electric eel.
The electric eel shoots out a bolt of lightning at you!
The bolt of electricity hits you! x2
You are too injured to fight recklessly!
You are too injured to fight recklessly!
You are too injured to fight recklessly!
You are too injured to fight recklessly!
You are too injured to fight recklessly!
You are too injured to fight recklessly!
You are too injured to fight recklessly!
You are too injured to fight recklessly!
You are too injured to fight recklessly!
The electric eel shoots out a bolt of lightning at you!
The bolt of electricity hits the electric eel.
The electric eel completely resists.
The bolt of electricity hits you!
The bolt of electricity hits the plant!
The plant begins to die.
The electric eel shoots out a bolt of lightning at you!
The bolt of electricity hits you!
* * * LOW HITPOINT WARNING * * *
A demonic guardian appears!
The bolt of electricity hits the plant!
The plant begins to die.
The electric eel shoots out a bolt of lightning at you!
The bolt of electricity misses you.
Your rust devil hits the electric eel.
Your rust devil corrodes the electric eel!
A nearby plant withers and dies.
Your rust devil hits the electric eel.
The electric eel seems to be corroded for longer.
The electric eel shoots out a bolt of lightning at you!
The bolt of electricity hits the electric eel.
The electric eel completely resists.
The bolt of electricity hits you.
* * * LOW HITPOINT WARNING * * *
The electric eel shoots out a bolt of lightning at you!
The bolt of electricity hits you.
* * * LOW HITPOINT WARNING * * *
The electric eel shoots out a bolt of lightning at you!
The bolt of electricity hits the electric eel.
The electric eel completely resists.
The bolt of electricity hits you!
You die...

...<.....##.# #...............#
#######..##.# #...............#
.........##.# #...............#
#.####...##.# #...............#
#........##.###...........#####
######.#.##...)...........#
#....#.##...............#
#.####.##..♣♣≈..........#
#...<#.##.≈♣♣♣@#########...
#..###.##≈♣≈≈S♣P# ... #..#
.#♣♣≈P♣≈P♣# .... #..#
.#≈≈≈≈4S≈≈♣ .. ...# .P♣P♣P≈≈≈P♣
###.# ♣P≈≈≈≈≈≈≈≈♣ ..#
♣♣≈♣≈P≈≈≈P≈≈♣ ###
≈≈≈≈≈≈≈≈♣P≈P≈.. ≈≈≈≈≈≈≈≈≈≈≈≈P##


You could see 2 electric eels and a friendly rust devil (summoned).

Vanquished Creatures
  Joseph (D:7)
  Maggie (D:6)
  A troll (D:7)
  Grinder (D:4)
  Eustachio (D:6)
  A steam dragon (D:6)
  The ghost of turdburglar the Conjurer, an amateur DECj (D:3)
  A water moccasin (D:6)
  4 ice beasts
  4 centaurs
  3 phantoms
  7 kobold brigands
  A bullfrog (D:8)
  A gnoll sergeant (D:7)
  4 scorpions
  6 killer bees (D:6)
  A bullfrog zombie (D:3)
  4 hounds
  A gnoll shaman (D:7)
  2 jellies (D:6)
  2 centaur skeletons (D:3)
  Jessica (D:3)
  5 iguanas
  14 gnolls
  13 adders
  5 river rats
  A shadow imp (D:7)
  6 worms
  2 dart slugs (D:2)
  3 orcs
  12 ball pythons
  13 endoplasms
  3 giant cockroaches
  11 goblins
  8 hobgoblins
  17 kobolds
  2 quokkas
  5 bats
  7 frilled lizards
  10 rats
  A spectral kobold (D:2)
187 creatures vanquished.

Vanquished Creatures (collateral kills)
  A two-headed ogre (D:8)
  Sigmund (D:2)
  A kobold brigand (D:6)
  A hobgoblin (D:4)
  A kobold (D:6)
5 creatures vanquished.

Vanquished Creatures (others)
  An adder (D:4)
  7 plants (D:8)
8 creatures vanquished.

Grand Total: 200 creatures vanquished

Notes
Turn   | Place    | Note
-------+----------+-------------------------------------------
     0 | Abyss:1  | moldycheese5 the Demonspawn Abyssal Knight began the quest
                  | for the Orb.
     0 | Abyss:1  | Reached XP level 1. HP: 18/18 MP: 2/2
     0 | D:1      | Escaped the Abyss
   298 | D:1      | Reached ** piety under Lugonu
   299 | D:1      | Reached skill level 1 in Dodging
   340 | D:1      | Got the Compendium of Warped Ice
   364 | D:1      | Gained mutation: Your touch may inflict minor irresistible
                  | damage on your foes. [demonic ancestry]
   364 | D:1      | Reached XP level 2. HP: 24/24 MP: 3/3
   419 | D:1      | Found Pintac's Magic Scroll Shoppe.
   434 | D:1      | Bought a scroll of identify for 26 gold pieces
   921 | D:2      | Gained mutation: A weak demonic guardian rushes to your
                  | aid. [demonic ancestry]
   921 | D:2      | Reached XP level 3. HP: 24/29 MP: 4/4
  1287 | D:2      | Found a faded altar of an unknown god.
  1350 | D:2      | Noticed Sigmund
  1362 | D:2      | Killed Sigmund
  1363 | D:2      | Reached XP level 4. HP: 28/37 MP: 5/5
  1363 | D:2      | Reached XP level 5. HP: 32/42 MP: 6/6
  1997 | D:3      | Found a glowing drain.
  2025 | Sewer    | Entered a sewer
  2172 | Sewer    | Reached XP level 6. HP: 49/49 MP: 7/7
  2241 | Sewer    | Reached *** piety under Lugonu
  2743 | Sewer    | Gained mutation: Your touch may inflict irresistible damage
                  | on your foes. [demonic ancestry]
  2743 | Sewer    | Reached XP level 7. HP: 18/55 MP: 8/8
  3378 | Sewer    | Reached skill level 5 in Fighting
  3378 | Sewer    | Reached skill level 5 in Long Blades
  3615 | D:3      | Noticed Jessica
  3627 | D:3      | Killed Jessica
  3628 | D:3      | Reached skill level 1 in Short Blades
  3831 | D:3      | Found a transporter.
  3990 | D:3      | Found a transporter.
  3991 | D:3      | Noticed turdburglar's ghost (amateur DECj)
  4041 | D:3      | Killed turdburglar's ghost
  4047 | D:3      | Reached XP level 8. HP: 17/62 MP: 9/9
  4485 | D:3      | Reached **** piety under Lugonu
  4638 | D:4      | Reached skill level 5 in Armour
  4978 | D:4      | Noticed Grinder
  4990 | D:4      | Killed Grinder
  4991 | D:4      | Reached skill level 1 in Stealth
  4996 | D:4      | Corrupted D:4
  4996 | D:4      | Noticed a raiju
  4996 | D:4      | Noticed a raiju
  4996 | D:4      | Noticed a starcursed mass
  4997 | D:4      | Noticed an efreet
  4998 | D:4      | Noticed a large abomination
  5014 | D:4      | Noticed a tentacled starspawn
  5565 | D:5      | Entered Level 5 of the Dungeon
  6682 | D:6      | Reached skill level 1 in Shields
  6682 | D:6      | Gained mutation: You have a somewhat thin skeletal
                  | structure. (Dex +2, Stealth+) [demonic ancestry]
  6682 | D:6      | Reached XP level 9. HP: 51/69 MP: 11/11
  6764 | D:6      | Noticed Maggie
  6780 | D:6      | Killed Maggie
  6906 | D:6      | Noticed Eustachio
  6915 | D:6      | Reached skill level 5 in Short Blades
  6948 | D:6      | Killed Eustachio
  8533 | D:7      | Found a staircase to the Ecumenical Temple.
  9061 | D:7      | Gained mutation: A demonic guardian rushes to your aid.
                  | [demonic ancestry]
  9061 | D:7      | Reached XP level 10. HP: 73/77 MP: 12/12
  9151 | D:7      | Noticed Joseph
  9168 | D:7      | Killed Joseph
  9818 | Temple   | Entered the Ecumenical Temple
 10350 | D:8      | Noticed a two-headed ogre
 10364 | D:8      | Killed a two-headed ogre
 10724 | D:8      | Killed from afar by an electric eel

Illustrated notes

Levels and vault maps discovered:
D:1:      dpeg_cavernosity, layout_rooms, serial_shops, shop
D:2:      layout_basic, dreamdust_ecumenical_altar_drowned_temple, uniq_sigmund
D:3:      layout_loops_cross, gammafunk_ghost_mausoleum, portal_sewer_entry_c,
          uniq_jessica
D:4:      layout_loops_cross, uniq_grinder
D:5:      layout_loops_ring, hangedman_abyss_or_decor_stabs
D:6:      layout_basic, uniq_maggie, uniq_eustachio
D:7:      layout_cave_pods, minmay_temple_entry_slanted, eino_curves_03,
          minmay_manual_mares, uniq_joseph, uniq_pikel
D:8:      layout_basic, serial_bayou_lake_a
Temple:   mainiacjoe_temple_trianglar_array

Skill      XL: |  1  2  3  4  5  6  7  8  9 10 |
---------------+-------------------------------+-----
Dodging        | 1 2 |  2.2
Armour         | 2 3 4 6 7 |  7.7
Long Blades    | 2 3 4 5 |  5.2
Fighting       | 4 5 6 |  6.8
Short Blades   | 2 4 6 7 |  7.2
Stealth        | 1 |  1.5
Shields        | 1 3 4 |  4.5
Invocations    | |  2.8

Action                   |  1- 3 |  4- 6 |  7- 9 | 10-12 || total
-------------------------+-------+-------+-------+-------++-------
Melee: Falchion          |    84 |   135 |    30 |       ||   249
       Touch             |    12 |    13 |    37 |       ||    62
       Punch             |       |     2 |     1 |       ||     3
       Short sword       |       |       |   471 |    46 ||   517
Invok: Depart the Abyss  |     1 |       |       |       ||     1
       Corrupt           |       |       |     1 |       ||     1
  Use: Potion            |     1 |       |       |     1 ||     2
       Scroll            |       |       |     7 |       ||     7
 Stab: Distracted        |       |       |     1 |       ||     1
Armor: Leather armour    |    13 |       |       |       ||    13
       Chain mail        |    43 |    63 |   127 |       ||   233
       Skin              |     2 |       |       |       ||     2
       Plate armour      |       |       |   193 |    19 ||   212
Dodge: Dodged            |    35 |    41 |   153 |    23 ||   252
Block: Kite shield       |       |       |   193 |    23 ||   216

Table legend: (Time is in decaauts)
 A = Elapsed time spent in this place.
 B = Non-inter-level travel time spent in this place.
 C = Inter-level travel time spent in this place.
 D = Time resting spent in this place.
 E = Time spent auto-exploring this place.
 F = Levels seen in this place.
 G = Mean time per level.
                   A        B        C        D        E       F      G
               +--------+--------+--------+--------+--------+-----+--------+
         Total |  10913 |  10448 |    465 |   1950 |   6801 |  11 |  992.1 |
       Dungeon |   8822 |   8405 |    417 |   1481 |   5539 |   8 | 1102.8 |
        Temple |    396 |    348 |     48 |      0 |    344 |   1 |  396.0 |
         Abyss |      0 |      0 |      0 |      0 |      0 |   1 |    0.0 |
         Sewer |   1694 |   1694 |      0 |    469 |    918 |   1 | 1694.0 |
               +--------+--------+--------+--------+--------+-----+--------+

Top non-repeatable levels by time:
     D:6: 1818 daAuts
     D:7: 1700 daAuts
   Sewer: 1694 daAuts
     D:3: 1166 daAuts
     D:2: 1165 daAuts
     D:4: 933 daAuts
     D:1: 803 daAuts
     D:5: 753 daAuts
     D:8: 481 daAuts
  Temple: 396 daAuts
